 Dungeon Crawl Stone Soup version 0.20-a0-1006-ge6c5631 (webtiles) character file.

77 Griselidis the Insei (level 4, -4/48 HPs)
             Began as a Bultungin Transmuter on Apr 14, 2017.
             Was an Initiate of Fedhas.
             Slain by a worker ant (6 damage)
             ... on level 4 of the Dungeon.
             The game lasted 00:08:00 (2232 turns).

Griselidis the Insei (Bultungin Transmuter)         Turns: 2232, Time: 00:08:00

Health: -4/48      AC:  5    Str: 12 (14) XL:     4   Next: 33%
Magic:  10/10      EV: 18    Int: 10 (13) God:    Fedhas [......]
Gold:   70         SH:  0    Dex: 19 (20) Spells: 11/12 levels left

rFire    . . .     SeeInvis +     - Unarmed
rCold    . . .     Gourm    .   (no shield)
rNeg     . . .     Faith    .   h - +0 leather armour
rPois    .         Spirit   .   (no helmet)
rElec    .         Reflect  .   j - +0 cloak
rCorr    .         Harm     .   (no gloves)
MR       .....                  b - +0 pair of boots
Stlth    ..........             (no amulet)
Regen    0.2/turn               k - ring of stealth (curse)
MPRegen  0.2/turn               (no ring)

@: agile, berserking, very quick
A: short attention span, fangs 1, see invisible, strong nose
a: Fungal Bloom, Renounce Religion


You were on level 4 of the Dungeon.
You worshipped Fedhas.
Fedhas was noncommittal.
You were not hungry.

You visited 1 branch of the dungeon, and saw 4 of its levels.

You collected 70 gold pieces.

Inventory:

Hand Weapons
 l - a +0 blowgun
Missiles
 u - 23 poisoned needles
Armour
 b - a +0 pair of boots (worn)
 h - a +0 leather armour (worn)
 j - a +0 cloak (worn)
 r - a +0 ring mail
Jewellery
 k - a cursed ring of stealth (left hand)
Scrolls
 g - 2 scrolls of magic mapping {unknown}
 n - 2 scrolls of recharging {unknown}
 o - 2 scrolls of teleportation {unknown}
 q - 4 scrolls of remove curse {unknown}
 t - 3 scrolls of identify {unknown}
Potions
 f - a potion of cancellation
 p - a potion of brilliance {unknown}
Books
 c - a book of Changes

   Spells                             Type                      Level
   a - Beastly Appendage              Transmutation                1
   b - Sticks to Snakes               Transmutation                2
   c - Spider Form                    Transmutation/Poison         3
   d - Ice Form                       Ice/Transmutation            4
   e - Blade Hands                    Transmutation                5
Comestibles
 d - 2 bread rations
 i - 4 royal jellies


   Skills:
 - Level 1.5 Fighting
 - Level 3.0 Dodging
 + Level 4.9 Unarmed Combat
 * Level 4.8 Spellcasting
 * Level 4.8 Transmutations


You had 11 spell levels left.
You knew the following spells:

 Your Spells              Type           Power        Failure   Level  Hunger
f - Beastly Appendage     Tmut           ##....       4%          1    #......


Dungeon Overview and Level Annotations

Branches:
Dungeon (4/15)
 Temple: D:4-7

Altars:
Fedhas
Gozag
Qazlal

Annotations:
D:2 exclusion: downstairs
D:3 Treemains's ghost, amateur DEWz
D:4 CowPatty's ghost, amateur DsMo


Innate Abilities, Weirdness & Mutations

You have a short attention span.
You have very sharp teeth.
You have supernaturally acute eyesight. (SInv)
Your uncanny sense of smell can sniff out nearby items.


Message History

It was a potion of cancellation.
You feel magically purged.
The worker ant bites you but does no damage.
It was a potion of agility.
You feel agile all of a sudden. The worker ant closely misses you.
It was a potion of degeneration.
There was something very wrong with that liquid.
You feel weakened.
You feel dopey.
You feel clumsy.
The worker ant bites you but does no damage.
It was a potion of berserk rage.
A red film seems to cover your vision as you go berserk!
You feel yourself moving faster!
You feel mighty!
You feel sick.
You are no longer poisoned.
The worker ant bites you but does no damage.
You are too berserk!
You are now empty-handed.
You feel a strong urge to attack something.
The worker ant bites you.
You die...
Fedhas appreciates your contribution to the ecosystem.

...........#
.....(.....# #
[.......(..#
#.#####+#+#<#..#
..........###..#.###
#.......?..........#
#...........W.#.......
#.........######......
..........aWa@.+......
################......
..... .....


You could see 2 worker ants and CowPatty's ghost.

Vanquished Creatures
  2 adders (D:2)
  A worm (D:2)
  2 dart slugs
  3 leopard geckos
  2 orcs (D:3)
  2 giant cockroaches
  7 goblins
  4 hobgoblins
  3 jackals (D:3)
  A quokka (D:3)
  8 bats
  4 frilled lizards
  3 kobolds
  4 rats
46 creatures vanquished.

Vanquished Creatures (others)
  10 toadstools
10 creatures vanquished.

Grand Total: 56 creatures vanquished

Notes
Turn   | Place    | Note
-------+----------+-------------------------------------------
     0 | D:1      | Griselidis the Bultungin Transmuter began the quest for the Orb.
     0 | D:1      | Reached XP level 1. HP: 15/15 MP: 4/4
   312 | D:1      | Reached XP level 2. HP: 21/21 MP: 4/6
   689 | D:2      | Found a blossoming altar of Fedhas.
   692 | D:2      | Found a stormy altar of Qazlal.
   708 | D:2      | Became a worshipper of Fedhas Madash
   850 | D:2      | Reached XP level 3. HP: 16/26 MP: 8/8
  1072 | D:2      | Found an opulent altar of Gozag.
  1587 | D:3      | Noticed Treemains's ghost (amateur DEWz)
  1775 | D:3      | Reached XP level 4. HP: 28/32 MP: 8/10
  2214 | D:4      | Noticed CowPatty's ghost (amateur DsMo)
  2231 | D:4      | HP: 2/48 [poisoned by a worker ant]
  2232 | D:4      | Slain by a worker ant

Vault maps used:
D:1:      evilmike_arrival_crescent, minmay_heptomino_l4
D:2:      grunt_temple_overflow_forces_of_nature, overflow_temple_1_default
D:3:      minmay_checkerbox
D:4:      first_bread, uniq_natasha

Skill      XL: |  1  2 |
---------------+-------+-----
Spellcasting   | 4 |  4.8
Transmutations | 4 |  4.8
Fighting       | |  1.5
Dodging        | |  3.0
Unarmed Combat | |  4.9

Action                   |  1- 3 |  4- 6 || total
-------------------------+-------+-------++-------
Melee: Unarmed           |   104 |    50 ||   154
       Kick              |     5 |       ||     5
       Headbutt          |     5 |     4 ||     9
       Bite              |     3 |     2 ||     5
       Punch             |     1 |       ||     1
 Fire: Blowgun           |       |     5 ||     5
 Cast: Beastly Appendage |    22 |     8 ||    30
Invok: Fungal Bloom      |     3 |     2 ||     5
  Use: Potion            |       |     4 ||     4
 Stab: Sleeping          |     6 |     4 ||    10
  Eat: Chunk             |     3 |     1 ||     4
Armor: Robe              |     2 |       ||     2
       Leather armour    |    17 |    21 ||    38
Dodge: Dodged            |    66 |    47 ||   113
